 Dungeon Crawl Stone Soup version 0.14-a0-1192-g192f278 (webtiles) character file.

2804 PolkaDot the Cloud Mage (level 9, -5/57 HPs)
             Began as a Vampire Conjurer on Nov 30, 2013.
             Was an Elder of Vehumet.
             Killed from afar by Duvessa (20 damage)
             ... with a wand of fire
             ... on Level 7 of the Dungeon.
             The game lasted 00:35:46 (7380 turns).

PolkaDot the Cloud Mage (Vampire Conjurer)          Turns: 7380, Time: 00:35:46

HP  -5/57        AC  5     Str  7      XL: 9   Next: 31%
MP  12/22        EV 12     Int 22      God: Vehumet [****..]
Gold 250         SH  0     Dex 15      Spells:  5 memorised, 10 levels left

rFire  . . .     SeeInvis +     p - +4,+0 elf dagger (speed)
rCold  . . .     Clarity  .     n - +1 elf robe {MR+} (curse)
rNeg   . . .     Conserve .     (no shield)
rPois  .         rCorr    .     (no helmet)
rElec  .         rRot     .     (no cloak)
SustAb . .       Spirit   .     j - +1 pair of gauntlets
rMut   .         Warding  .     (no boots)
Saprov . . .     Stasis   .     e - amulet of faith
                                u - ring of sustenance
                                l - +3 ring of dexterity

@: regenerating very quickly, quite resistant to hostile enchantments, stealthy
A: bottle blood, fangs 3, see invisible, blink 1, clever 1, clumsy 1,
unbreathing
a: Bottle Blood, Blink, Renounce Religion


You were on level 7 of the Dungeon.
You worshipped Vehumet.
Vehumet was greatly pleased with you.
You were almost alive.

You visited 1 branch of the dungeon, and saw 7 of its levels.

You collected 250 gold pieces.

Inventory:

Hand weapons
 p - a +4,+0 elven dagger of speed (weapon)
Armour
 j - a +1 pair of gauntlets (worn)
 n - a cursed +1 elven robe of magic resistance (worn)
Magical devices
 w - a wand of paralysis (16) {unknown}
Scrolls
 a - a scroll of teleportation
 s - 3 scrolls of fog
 v - a scroll of enchant armour
 x - a scroll of identify
Jewellery
 e - an amulet of faith (around neck)
 k - an uncursed amulet of guardian spirit {unknown}
 l - a +3 ring of dexterity (left hand)
 u - a ring of sustenance (right hand)
Potions
 b - a potion of might
 d - 5 potions of blood
 f - a potion of invisibility
 h - 2 potions of magic {unknown}
 i - a potion of brilliance {unknown}
 m - a potion of degeneration {unknown}
 o - a potion of restore abilities
 q - 5 potions of curing
 r - a potion of agility
 t - a potion of lignification {unknown}
Books
 c - a book of Conjurations

   Spells                             Type                      Level
   Magic Dart                         Conjuration                  1
   *Searing Ray                       Conjuration                  2
   Dazzling Spray                     Conjuration/Hexes            3
   *Iskenderun's Mystic Blast         Conjuration                  4
   Iskenderun's Battlesphere          Conjuration/Charms           4
   Fulminant Prism                    Conjuration/Hexes            5


   Skills:
 - Level 2.1 Dodging
 - Level 3.0 Stealth
 - Level 6.5 Spellcasting
 * Level 6.9 Conjurations
 + Level 10.7 Air Magic


You had 10 spell levels left.
You knew the following spells:

 Your Spells              Type           Power        Failure   Level  Hunger
a - Sting                 Conj/Pois      ###.         1%          1    None
d - Iskenderun's Mystic   Conj           #####...     1%          4    ###....
s - Searing Ray           Conj           #####.       1%          2    None
z - Static Discharge      Conj/Air       #####...     1%          3    #......
A - Shock                 Conj/Air       ####         1%          1    None


Dungeon Overview and Level Annotations

Branches:
Dungeon (7/16)
 Temple: D:4-7

Altars:
Kikubaaqudgha
Sif Muna
Trog
Vehumet
Xom
Yredelemnul
Zin
the Shining One

Shops:
D:6 +

Annotations:
D:7 Duvessa


Innate Abilities, Weirdness & Mutations

Your natural rate of healing is extremely fast.
You can bottle blood from corpses.
You have razor-sharp teeth.*
You have supernaturally acute eyesight.
You can survive without breathing.*
You can translocate small distances at will.+ Your mind is acute. (Int +2)
You are clumsy. (Dex -2)


Message History

Things that are here:
an orcish flail; an orc corpse Use which ability? (? or * to list)
You start bottling blood from the orc corpse.
You continue bottling blood from the corpse.
You finish bottling this corpse's blood.
d - 5 potions of blood (gained 1)
Things that are here:
an orcish flail; an orc skeleton Duvessa comes into view.
She is wielding an elven short sword.
Drink which item? (? for menu, Esc to quit)
Okay, then.
Okay, then.
Duvessa zaps a wand.
The bolt of fire hits you!
Your scroll of remove curse catches fire!
* * * LOW HITPOINT WARNING * * *
Things that are here:
a trident of freezing; a robe Duvessa zaps a wand.
The bolt of fire hits you!
You die...

#.##.# #.##.# #.##.#
#)##.# #)##)#
#.#########.##)#
#......))......#
###############e###.#..#
#........@......# #.#..#
##.############.# #.#..#
#.#...... ..#.# #.#..#
##.#.#..#####.#.# #.#...
#.............#.#
#.#.e#.
##...#..#####<#.#
#...... #............#.#
###... .
#.....######.#.# ##.
#............#.


You could see Duvessa.

Vanquished Creatures
  Pikel (D:5)
  Eustachio (D:5)
  A sky beast (D:6)
  An orc warrior (D:5)
  4 ice beasts
  A slave (D:5)
  A phantom (D:4)
  A centaur (D:6)
  5 wights (D:7)
  A crimson imp (D:6)
  3 jellies
  4 orc priests
  7 orc wizards
  An iguana (D:6)
  2 worker ants
  A mummy (D:6)
  7 gnolls
  13 adders
  2 giant mites (D:4)
  4 worms
  3 giant geckos
  An ooze (D:1)
  18 orcs
  17 bats
  7 giant cockroaches
  9 hobgoblins
  13 kobolds
  2 quokkas
  2 ball pythons
  8 giant newts
  A giant newt skeleton (D:4)
  A gnoll skeleton (D:4)
  14 goblins
  8 jackals
  A kobold zombie (D:5)
  10 rats
176 creatures vanquished.

Vanquished Creatures (others)
  A giant gecko (D:5)
1 creature vanquished.

Grand Total: 177 creatures vanquished

Notes
Turn   | Place    | Note
--------------------------------------------------------------
     0 | D:1      | PolkaDot, the Vampire Conjurer, began the quest for the Orb.
     0 | D:1      | Reached XP level 1. HP: 13/13 MP: 4/4
   689 | D:1      | Reached XP level 2. HP: 19/19 MP: 1/5
   963 | D:1      | Learned a level 2 spell: Searing Ray
  1654 | D:1      | Reached XP level 3. HP: 24/24 MP: 3/6
  2426 | D:2      | Paralysed by a potion of paralysis for 4 turns
  2432 | D:2      | Reached skill level 4 in Conjurations
  2554 | D:2      | Found a glowing golden altar of the Shining One.
  2627 | D:2      | HP: 1/24 [adder (4)]
  2628 | D:2      | Reached XP level 4. HP: 1/30 MP: 0/8
  2922 | D:2      | Found a radiant altar of Vehumet.
  2922 | D:2      | Found an ancient bone altar of Kikubaaqudgha.
  2965 | D:2      | Found a glowing silver altar of Zin.
  2973 | D:2      | Became a worshipper of Vehumet
  3549 | D:3      | Reached XP level 5. HP: 35/35 MP: 6/9
  3655 | D:3      | Reached skill level 6 in Spellcasting
  3655 | D:3      | Reached skill level 9 in Air Magic
  3655 | D:3      | Reached XP level 6. HP: 21/41 MP: 7/18
  3815 | D:3      | Acquired Vehumet's first power
  3815 | D:3      | Offered knowledge of Shock by Vehumet.
  3818 | D:3      | Learned a level 1 spell: Shock
  3823 | D:3      | Learned a level 4 spell: Iskenderun's Mystic Blast
  4124 | D:3      | Found a shimmering altar of Xom.
  4648 | D:4      | Reached skill level 5 in Conjurations
  4808 | D:4      | Found a deep blue altar of Sif Muna.
  4819 | D:4      | Offered knowledge of Sting by Vehumet.
  4819 | D:4      | Reached XP level 7. HP: 35/46 MP: 7/20
  4823 | D:4      | Learned a level 1 spell: Sting
  5046 | D:4      | Reached skill level 10 in Air Magic
  5521 | D:4      | Offered knowledge of Static Discharge by Vehumet.
  5644 | D:4      | Learned a level 3 spell: Static Discharge
  5770 | D:5      | Entered Level 5 of the Dungeon
  6055 | D:5      | Acquired Vehumet's second power
  6055 | D:5      | Reached XP level 8. HP: 40/52 MP: 12/21
  6124 | D:5      | Noticed Eustachio
  6160 | D:5      | Killed Eustachio
  6297 | D:5      | Noticed Pikel
  6355 | D:5      | Killed Pikel
  6439 | D:5      | Offered knowledge of Inner Flame by Vehumet.
  6520 | D:5      | Gained mutation: Your mind is acute. (Int +2) [potion of mutation]
  6520 | D:5      | Gained mutation: You are clumsy. (Dex -2) [potion of mutation]
  6520 | D:5      | Gained mutation: You can translocate small distances at will. [potion of mutation]
  6803 | D:6      | Reached XP level 9. HP: 29/57 MP: 13/22
  6836 | D:6      | Found a basalt altar of Yredelemnul.
  6881 | D:6      | Found Elemoum's Book Shoppe.
  6894 | D:6      | Found a bloodstained altar of Trog.
  7159 | D:6      | Acquired Vehumet's third power
  7368 | D:7      | Noticed Duvessa
  7380 | D:7      | Killed from afar by Duvessa

Action                   |  1- 3 |  4- 6 |  7- 9 || total
-------------------------+-------+-------+-------++-------
Melee: Unarmed           |    42 |       |       ||    42
       Whip              |     7 |    76 |       ||    83
       Dagger            |       |    81 |    81 ||   162
 Cast: Magic Dart        |    59 |    19 |     1 ||    79
       Searing Ray       |     9 |    16 |    41 ||    66
       Iskenderun's Myst |       |     3 |    12 ||    15
       Sting             |       |       |    26 ||    26
 Abil: Bottle Blood      |       |    11 |    15 ||    26
  Use: Potion            |     7 |    10 |    17 ||    34
       Scroll            |       |     4 |    12 ||    16
 Stab: Sleeping          |     1 |     9 |     4 ||    14
       Invisible         |       |     6 |       ||     6
